AoeStats
← NuMa | Gacha

Arabia

505254147Analyzed
2v2 RM · 25d ago on Sep 8, 2026· 57m 23s· 4 players
Game mode
Random Map
Map size
Medium (4 player)
Population
200
Speed
Normal
Resources
Standard
Victory
Conquest
Starting age
Dark Age
Ending age
Imperial Age
RankedLock teamsTeams togetherTeam positionsShared explorationLock speedFull tech treeHidden civsTurbo modeCheats
Victory
Defeat
🇹🇷 Sicilians · Türkiye
1016
+17
🇩🇰 Khmer · Denmark
996
+17
🇨🇴 Italians · Colombia
1036
-17
🇧🇷 Persians · Brazil
1022
-17
SexyDaddy
10:17 Feudal Age
8:33 Loom
14:02 Double-Bit Axe
16:39 Horse Collar
19:53 Castle Age
21:49 Husbandry
25:47 Scale Barding Armor
25:53 Forging
25:11 Pikeman
26:56 Bloodlines
29:27 Wheelbarrow
28:44 Gold Mining
30:04 Scale Mail Armor
30:26 Chain Barding Armor
30:11 Heavy Plow
31:27 Bow Saw
32:15 Iron Casting
31:30 Pikeman
33:56 Town Watch
34:41 Scale Mail Armor
34:43 Squires
38:31 Imperial Age
37:29 Stone Mining
38:19 Gold Shaft Mining
38:39 Chain Mail Armor
39:08 First Crusade
39:53 Conscription
39:32 Elite Serjeant
41:06 Hand Cart
40:54 Town Patrol
41:30 Plate Mail Armor
40:50 Cavalier
42:30 Stone Shaft Mining
41:50 Capped Ram
43:13 Sanctity
43:38 Halberdier
45:26 Blast Furnace
45:08 Fervor
47:22 Hauberk
50:28 Plate Barding Armor
55:34 Fletching
55:45 Padded Archer Armor
maltheh9797
5:11 Loom
11:32 Feudal Age
12:54 Wheelbarrow
16:55 Castle Age
15:46 Double-Bit Axe
17:58 Scale Barding Armor
18:04 Forging
26:42 Fletching
34:24 Imperial Age
35:14 Elite Battle Elephant
36:21 Chain Barding Armor
36:47 Bloodlines
37:50 Hand Cart
37:41 Husbandry
38:22 Iron Casting
39:36 Chemistry
39:51 Ballistics
41:34 Light Cavalry
44:36 Heavy Scorpion
50:30 Hussar
54:48 Plate Barding Armor
NuMa | Gacha
7:09 Loom
9:42 Feudal Age
10:15 Double-Bit Axe
16:44 Wheelbarrow
16:09 Fletching
18:34 Padded Archer Armor
18:55 Arson
19:14 Scale Mail Armor
22:34 Castle Age
20:42 Gold Mining
22:40 Pikeman
26:31 Crossbowman
27:37 Stone Mining
28:11 Bodkin Arrow
30:34 Stone Shaft Mining
30:13 Town Watch
32:28 Hand Cart
33:28 Thumb Ring
34:03 Bow Saw
38:04 Imperial Age
36:37 Ballistics
36:51 Leather Archer Armor
36:43 Town Patrol
39:46 Chemistry
38:09 Onager
41:33 Arbalester
43:37 Bracer
46:14 Elite Genoese Crossbowman
47:25 Conscription
54:28 Pirotechnia
ERJ1919
0:36 Loom
10:29 Feudal Age
16:24 Horse Collar
16:56 Double-Bit Axe
19:13 Fletching
19:24 Padded Archer Armor
24:45 Castle Age
24:31 Gold Mining
26:08 Husbandry
25:59 Town Watch
26:55 Gold Shaft Mining
28:43 Scale Barding Armor
34:01 Heavy Plow
35:32 Scale Mail Armor
34:58 Crossbowman
37:11 Bow Saw
37:38 Stone Mining
39:17 Wheelbarrow
39:32 Stone Shaft Mining
42:35 Thumb Ring
43:54 Chain Barding Armor
47:44 Chain Mail Armor
47:39 Forging
48:56 Kamandaran
Connection lost

Rejoining the realm…

Still unreachable

The connection could not be restored.

Session expired

The server has moved on; the page needs a fresh start.